 Dungeon Crawl Stone Soup version 0.30-a0-476-g330ca2eb8e (webtiles) character file.

Game seed: 9029097968322590144

84 oldriver the Sneak (level 4, -12/40 HPs)
             Began as a Naga Warper on Dec 21, 2022.
             Mangled by an ice beast (13 damage)
             ... on level 3 of the Dungeon.
             The game lasted 00:03:55 (2569 turns).

oldriver the Sneak (Naga Warper)                    Turns: 2569, Time: 00:03:56

Health: -12/40     AC:  3    Str: 13    XL:     4   Next: 46%
Magic:  0/7        EV:  9    Int: 14    God:
Gold:   102        SH:  0    Dex: 12    Spells: 7/7 levels left

rFire   . . .      SeeInvis +    a - +0 short sword
rCold   . . .      Faith    .    (no shield)
rNeg    . . .      Spirit   +    b - +0 leather armour
rPois   +          Reflect  .    f - +0 helmet
rElec   .          Harm     .    (no cloak)
rCorr   .          Rampage  .    (no gloves)
Will    .....                    (no barding)
Stlth   ++........               i - amulet of guardian spirit
HPRegen 0.26/turn                (no ring)
MPRegen 0.10/turn                (no ring)

@: about to teleport, short of breath, very slow
A: AC +1, large, see invisible, deformed body, poison resistance, slowness 2,
spit poison 1, naga tail 1
a: Spit Poison


You were on level 3 of the Dungeon.
You visited 1 branch of the dungeon, and saw 3 of its levels.

You collected 102 gold pieces.

Inventory:

Hand Weapons
 a - a +0 short sword (weapon)
Missiles
 d - 2 boomerangs of dispersal
 p - 4 boomerangs
Armour
 b - a +0 leather armour (worn)
 f - a +0 helmet (worn)
Jewellery
 i - an amulet of guardian spirit (around neck)
Wands
 h - a wand of light (6)
Scrolls
 c - 2 scrolls of blinking
 e - 2 scrolls of teleportation
 k - a scroll of fear {unknown}
 l - a scroll of enchant armour {unknown}
 m - a scroll of identify {unknown}
 o - a scroll of poison {unknown}
Potions
 g - 2 potions of resistance
 n - a potion of haste


   Skills:
 + Level 2.6 Fighting
 * Level 3.2 Short Blades
 - Level 0.8 Throwing
 - Level 0.7 Armour
 - Level 1.5 Dodging
 * Level 3.9 Stealth
 - Level 2.0 Spellcasting
 - Level 3.0 Translocations


You had 7 spell levels left.
You didn't know any spells.
Your spell library contained the following spells:

 Spells                   Type           Power      Damage    Failure   Level
 Blink                    Tloc           18%        N/A       13%         2
 Momentum Strike          Conj/Tloc      10%        3d8       24%         2
 Lesser Beckoning         Tloc           18%        N/A       26%         3
 Teleport Other           Tloc           9%         N/A       26%         3
 Summon Small Mammal      Summ           4%         N/A       30%         1
 Vhi's Electric Charge    Tloc/Air       10%        N/A       43%         3
 Call Canine Familiar     Summ           1%         N/A       65%         3
 Summon Guardian Golem    Hex/Summ       1%         N/A       65%         3
 Manifold Assault         Tloc           9%         N/A       65%         4


Dungeon Overview and Level Annotations

Branches:
Dungeon (3/15)

Altars:


Innate Abilities, Weirdness & Mutations

Your serpentine skin is tough. (AC +1)
You have supernaturally acute eyesight. (SInv)
Armour fits poorly on your strangely shaped body.
Your system is resistant to poisons. (rPois)
You cover ground very slowly.
You can spit poison.
You have a snake-like lower body.


Message History

Aiming: Spit Poison (1% risk of failure)
Press: ? - help, Shift-Dir - straight line, f/p - ice beast
Aim: an ice beast (59% to hit)
The splash of poison hits the ice beast but does no damage.
Unknown command.
You closely miss the ice beast. You hit the ice beast but do no damage.
The ice beast hits you. The ice beast freezes you!
Okay, then.
You barely miss the ice beast. The ice beast hits you.
The ice beast freezes you!
You hit the ice beast.
The ice beast is lightly wounded.
The ice beast hits you. The ice beast freezes you!
You hit the ice beast.
The ice beast is moderately wounded.
The ice beast hits you but does no damage.
You hit the ice beast.
The ice beast is moderately wounded.
You have got your breath back.
The ice beast hits you but does no damage.
Aiming: Spit Poison (1% risk of failure)
Press: ? - help, Shift-Dir - straight line, f/p - ice beast
Aim: an ice beast (moderately wounded, 59% to hit)
The splash of poison hits the ice beast but does no damage.
The ice beast is poisoned.
The ice beast is moderately wounded.
The ice beast hits you but does no damage.
Okay, then.
As you read the scroll labelled YGAZ QEMEOR, it crumbles to dust.
You feel strangely unstable.
It was a scroll of teleportation.
The ice beast hits you. The ice beast freezes you!
* * * LOW HITPOINT WARNING * * *
Unknown command.
As you read the scroll labelled ZEFIDI AN WIF, it crumbles to dust.
It is a scroll of amnesia.
You feel forgetful for a moment. The ice beast hits you.
* * * LOW HITPOINT WARNING * * *
The ice beast freezes you!
You die...

### ### ###.. ... ..#.#
#.### ####.#.#######.$@#
#<.#.#.......###Y#
#.Y#.#.......#...#
.........>...#.###
#....#.......#'##
#..#......Y.....#
#..#.#.##.#.....###
#..#.#....#.......#
#.[....#..#.#.....########


You could see an ice beast (poisoned).

Vanquished Creatures
  Ijyb (D:3)
  An adder (D:2)
  2 dart slugs
  3 orcs (D:3)
  A bat (D:1)
  2 endoplasms (D:1)
  3 giant cockroaches (D:1)
  2 goblins
  4 hobgoblins
  5 kobolds
  3 quokkas
  4 ball pythons
  4 frilled lizards
  6 rats
41 creatures vanquished.

Vanquished Creatures (others)
  A plant (D:1)
1 creature vanquished.

Grand Total: 42 creatures vanquished

Notes
Turn   | Place    | Note
-------+----------+-------------------------------------------
     0 | D:1      | oldriver the Naga Warper began the quest for the Orb.
     0 | D:1      | Reached XP level 1. HP: 19/19 MP: 3/3
     4 | D:1      | You fall into a shaft and drop 1 floor!
   245 | D:2      | Reached skill level 1 in Stealth
   322 | D:2      | Reached XP level 2. HP: 26/26 MP: 5/5
   628 | D:2      | Reached XP level 3. HP: 18/32 MP: 6/6
  1814 | D:1      | Found a faded altar of an unknown god.
  2015 | D:3      | Identified the +1 pair of boots of the Gravedigger {Str+5
                  | Stlth+}
  2044 | D:3      | Noticed an ice beast
  2181 | D:3      | Noticed Ijyb
  2197 | D:3      | Killed Ijyb
  2198 | D:3      | Reached XP level 4. HP: 5/40 MP: 2/7
  2569 | D:3      | HP: 1/40 [ice beast (2)]
  2569 | D:3      | Mangled by an ice beast

Illustrated notes

Levels and vault maps discovered:
D:1:      lightli_arrival_farm, layout_loops_corners,
          dreamdust_ecumenical_altar_hidden_monk_grotto, serial_rivers,
          chequers_serial_rivers_small_3, chequers_serial_rivers_large_b,
          chequers_serial_rivers_micro_d, chequers_serial_rivers_small_b
D:2:      layout_loops_cross, minmay_stone_trees_small
D:3:      layout_basic, mainiacjoe_overflow_surrounded_room,
          lemuel_doored_altar, minmay_fountain_box, uniq_robin, uniq_ijyb

Skill      XL: |  1  2  3 |
---------------+----------+-----
Stealth        | 1 2 3 |  3.9
Short Blades   | 3 |  3.2
Fighting       | |  2.6
Throwing       | |  0.8
Armour         | |  0.7
Dodging        | |  1.5
Spellcasting   | |  2.0
Translocations | |  3.0

Action                   |  1- 3 |  4- 6 || total
-------------------------+-------+-------++-------
Melee: Short sword       |    78 |    14 ||    92
Throw: Boomerang         |     5 |       ||     5
 Abil: Spit Poison       |    33 |     9 ||    42
  Use: Potion            |     4 |       ||     4
       Scroll            |       |     2 ||     2
 Stab: Sleeping          |     2 |       ||     2
Armor: Leather armour    |    21 |     6 ||    27
       Skin              |     2 |       ||     2
Dodge: Dodged            |    33 |     6 ||    39

Table legend: (Time is in decaauts)
 A = Elapsed time spent in this place.
 B = Non-inter-level travel time spent in this place.
 C = Inter-level travel time spent in this place.
 D = Time resting spent in this place.
 E = Time spent auto-exploring this place.
 F = Levels seen in this place.
 G = Mean time per level.
                   A        B        C        D        E       F      G
               +--------+--------+--------+--------+--------+-----+--------+
         Total |   3249 |   3123 |    126 |    365 |   2260 |   3 | 1083.0 |
       Dungeon |   3249 |   3123 |    126 |    365 |   2260 |   3 | 1083.0 |
               +--------+--------+--------+--------+--------+-----+--------+

Top non-repeatable levels by time:
     D:1: 1470 daAuts
     D:2: 1163 daAuts
     D:3: 614 daAuts
